 Dungeon Crawl Stone Soup version 0.22-a0-608-g8a62e23 (webtiles) character file.

406 kae the Insei (level 6, -3/41 HPs)
             Began as an Octopode Transmuter on July 9, 2018.
             Slain by a sky beast (6 damage)
             ... on level 5 of the Dungeon.
             The game lasted 00:04:20 (5560 turns).

kae the Insei (Octopode Transmuter)                 Turns: 5560, Time: 00:04:21

Health: -3/41      AC:  1    Str:  9    XL:     6   Next: 87%
Magic:  9/9        EV: 13    Int: 16    God:
Gold:   251        SH:  6    Dex: 14    Spells: 3/9 levels left

rFire    + . .     SeeInvis .     - Unarmed
rCold    x . .     Gourm    .   j - +2 buckler
rNeg     . . .     Faith    .   (helmet restricted)
rPois    .         Spirit   .   p - amulet of magic regeneration
rElec    .         Reflect  .   o - ring of fire
rCorr    .         Harm     .   (no ring)
MR       .....                  (no ring)
Stlth    ++........             (no ring)
HPRegen  0.13/turn              (no ring)
MPRegen  0.36/turn              (no ring)
                                (no ring)
                                (no ring)

@: drained
A: almost no armour, stealthy swim, amphibious, 8 rings, constrict 8, camouflage
1, gelatinous body 1
a: no special abilities


You were on level 5 of the Dungeon.
You were not hungry.

You visited 1 branch of the dungeon, and saw 5 of its levels.

You collected 251 gold pieces.

Inventory:

Missiles
 a - 27 arrows
Armour
 j - a +2 buckler (worn)
Jewellery
 f - a cursed amulet of inaccuracy {unknown}
 o - a ring of fire (left tentacle)
 p - an amulet of magic regeneration (around mantle)
Scrolls
 e - a scroll of teleportation
 n - a scroll of remove curse
Potions
 b - a potion of degeneration {unknown}
 d - a potion of heal wounds
 g - a potion of berserk rage
 h - a potion of mutation {unknown}
 i - a potion of haste {unknown}
 l - a potion of magic {unknown}
 m - a potion of might {unknown}
 q - a potion of brilliance {unknown}
Comestibles
 c - 6 rations
 k - 2 chunks of flesh


   Skills:
 + Level 2.8 Fighting
 - Level 2.0(1.9) Dodging
 + Level 1.5(1.4) Shields
 * Level 5.1 Unarmed Combat
 - Level 2.0(1.9) Spellcasting
 * Level 4.4 Transmutations


You had 3 spell levels left.
You knew the following spells:

 Your Spells              Type           Power        Failure   Level  Hunger
a - Beastly Appendage     Tmut           ###...       4%          1    #......
b - Sticks to Snakes      Tmut           ###.....     7%          2    ###....
c - Spider Form           Tmut/Pois      #.........   34%         3    ###....

Your spell library contained the following spells:

 Spells                   Type           Power        Failure   Level  Hunger
 Blade Hands              Tmut           ###.......   78%         5    ######.
 Ice Form                 Ice/Tmut       #.......     75%         4    #####..


Dungeon Overview and Level Annotations

Branches:
Dungeon (5/15)
 Temple: D:4-7

Altars:
Elyvilon
Gozag
Kikubaaqudgha


Innate Abilities, Weirdness & Mutations

You cannot wear most types of armour.
You are very stealthy in the water. (Stealth+)
You are amphibious.
You can wear up to eight rings at the same time.
You can use your tentacles to constrict eight enemies at once.
Your skin changes colour to match your surroundings (Stealth+).
Your rubbery body absorbs attacks. (AC +1, EV +1)


Message History

The sky beast flickers out of sight!
Deactivating autopickup; reactivate with Ctrl-A.
Something hits you. Something shocks you.
There is a strange disturbance nearby!
No target in view!
No target in view!
No target in view!
No target in view!
There is a strange disturbance nearby!
No target in view!
No target in view!
You tentacle-slap something. You bludgeon something! Something hits you.
Something shocks you.
You closely miss something. Something hits you. Something shocks you.
You miss something. Something hits you. Something shocks you.
* * * LOW HITPOINT WARNING * * *
You miss something. Something hits you.
* * * LOW HITPOINT WARNING * * *
Something shocks you.
You die...

######...####
....[.......+
######...####
#######.##
#........###
#.##.......#
#.##.#####.#
#{##.# #.# #@##.#
#.# #.##.# #.#
#....#####.#####..
####..............
#.####.######..
#......# ########


There were no monsters in sight!

Vanquished Creatures
  A vampire bat (D:2)
  2 hounds
  An orc priest (D:3)
  An orc wizard (D:4)
  5 worker ants
  3 adders
  2 oozes
  4 worms
  A dart slug (D:3)
  3 leopard geckos
  9 orcs
  3 bat skeletons (D:2)
  3 bat zombies (D:2)
  5 giant cockroaches
  4 goblins
  6 hobgoblins
  4 jackals (D:1)
  2 quokkas (D:3)
  A ball python (D:2)
  8 bats
  5 frilled lizards
  4 kobolds
  A quokka skeleton (D:4)
  A quokka zombie (D:5)
  7 rats
86 creatures vanquished.

Vanquished Creatures (collateral kills)
  A worm (D:4)
  A rat (D:3)
2 creatures vanquished.

Grand Total: 88 creatures vanquished

Notes
Turn   | Place    | Note
-------+----------+-------------------------------------------
     0 | D:1      | kae the Octopode Transmuter began the quest for the Orb.
     0 | D:1      | Reached XP level 1. HP: 13/13 MP: 3/3
   225 | D:1      | Reached XP level 2. HP: 11/18 MP: 3/5
   445 | D:1      | Learned a level 2 spell: Sticks to Snakes
   787 | D:1      | Reached XP level 3. HP: 23/23 MP: 6/6
  1423 | D:2      | Reached XP level 4. HP: 11/29 MP: 5/7
  1666 | D:2      | Learned a level 3 spell: Spider Form
  1746 | D:2      | Found an opulent altar of Gozag.
  1981 | D:2      | Reached skill level 4 in Unarmed Combat
  2181 | D:2      | Found an ancient bone altar of Kikubaaqudgha.
  2206 | D:2      | Reached XP level 5. HP: 8/34 MP: 5/8
  2891 | D:3      | Found a white marble altar of Elyvilon.
  3638 | D:3      | Reached XP level 6. HP: 35/41 MP: 9/9
  4191 | D:4      | Reached skill level 1 in Shields
  4605 | D:4      | Reached skill level 5 in Unarmed Combat
  5483 | D:5      | Entered Level 5 of the Dungeon
  5546 | D:5      | Noticed a sky beast
  5560 | D:5      | Slain by a sky beast

Vault maps used:
D:1:      minmay_arrival_plants_in_alcoves, serial_bayou, serial_bayou_shore_b,
          serial_bayou_pond_d, serial_bayou_pond_a, serial_bayou_pond_c,
          minmay_door_square
D:2:      grunt_gozag_breadcrumbs, kennysheep_vampire_church, first_ration
D:3:      marbit_many_paths
D:5:      minitemple, portal_sewer_entry_d

Skill      XL: |  1  2  3  4  5  6 |
---------------+-------------------+-----
Transmutations | 3 4 |  4.4
Unarmed Combat | 4 5 |  5.1
Fighting       | 2 |  2.8
Shields        | 1 |  1.5
Dodging        | |  2.0
Spellcasting   | |  2.0

Action                   |  1- 3 |  4- 6 || total
-------------------------+-------+-------++-------
Melee: Unarmed           |    64 |   183 ||   247
       Constrict         |    16 |    41 ||    57
       Kick              |     9 |     3 ||    12
       Tentacles         |     8 |    23 ||    31
       Punch             |       |     3 ||     3
 Cast: Beastly Appendage |     8 |     6 ||    14
       Spider Form       |       |     4 ||     4
       Sticks to Snakes  |       |     6 ||     6
  Use: Scroll            |       |     9 ||     9
 Stab: Sleeping          |     6 |     7 ||    13
       Distracted        |       |     1 ||     1
  Eat: Chunk             |     2 |    12 ||    14
       Ration            |       |     1 ||     1
Armor: Skin              |     2 |    17 ||    19
Dodge: Dodged            |    32 |   116 ||   148
Block: Buckler           |       |    23 ||    23

Table legend:
 A = Spawn XP
 B = Non-spawn XP
 C = Spawn XP percentage of total XP
 D = Spawn monster count
 E = Non-spawn monster count
 F = Spawn count percentage of total count
 G = Total turns spent on level
                    A         B        C        D         E        F      G
               +---------+---------+-------+---------+---------+-------+---------
         Total |       0 |     580 |   0.0 |       0 |      88 |   0.0 |  5560
               +---------+---------+-------+---------+---------+-------+---------
           D:1 |       0 |      34 |   0.0 |       0 |      17 |   0.0 |  1100
           D:2 |       0 |     169 |   0.0 |       0 |      30 |   0.0 |  1992
           D:3 |       0 |     142 |   0.0 |       0 |      24 |   0.0 |  1165
           D:4 |       0 |     234 |   0.0 |       0 |      16 |   0.0 |  1226
           D:5 |       0 |       1 |   0.0 |       0 |       1 |   0.0 |    77
               +---------+---------+-------+---------+---------+-------+---------
